 Dungeon Crawl Stone Soup version 0.17.0-24-gcfadda4 (webtiles) character file.

88 Medar the Cudgeler (level 4, -1/23 HPs)
             Began as a Vine Stalker Skald on Nov 17, 2015.
             Slain by an orc
             ... wielding a +0 trident
              (8 damage)
             ... on level 4 of the Dungeon.
             The game lasted 00:08:44 (2412 turns).

Medar the Cudgeler (Vine Stalker Skald)             Turns: 2412, Time: 00:08:44

Health: -1/23      AC:  3    Str: 14    XL:     4   Next: 54%
Magic:  0/8        EV: 11    Int: 13    God:
Gold:   114        SH:  0    Dex: 14    Spells: 3 memorised, 2 levels left

rFire  . . .     SeeInvis .     a - +0 whip
rCold  . . .     Clarity  .     b - +0 leather armour
rNeg   . . .     SustAt   .     (no shield)
rPois  .         Gourm    .     (no helmet)
rElec  .         Spirit   +     (no cloak)
rCorr  .         Warding  .     (no gloves)
rMut   .         Stasis   .     (no boots)
MR     .....                    (no amulet)
Stlth  +.........               (no ring)
                                (no ring)

@: infused, not resistant to hostile enchantments, very unstealthy
A: fangs 2, regeneration 1, magic shield, antimagic bite, no device heal 3, rot
immunity
a: no special abilities


You were on level 4 of the Dungeon.
You were not hungry.

You visited 1 branch of the dungeon, and saw 4 of its levels.

You collected 114 gold pieces.

Inventory:

Hand Weapons
 a - a +0 whip (weapon)
 e - a +0 mace
Armour
 b - a +0 leather armour (worn)
 m - a +0 scale mail
Scrolls
 g - a scroll of fog {unknown}
 h - a scroll of immolation
 i - a scroll of enchant weapon
 j - 2 scrolls of identify {@r2}
 k - a scroll of remove curse {@r1}
 l - 2 scrolls of magic mapping {@r3}
 o - a scroll of recharging
 q - a scroll of noise {unknown}
Potions
 n - a potion of heal wounds
Books
 c - a book of Battle

   Spells                             Type                      Level
   a - Infusion                       Charms                       1
   b - Shroud of Golubria             Charms/Translocation         2
   c - Song of Slaying                Charms                       2
   d - Spectral Weapon                Hexes/Charms                 3
   e - Regeneration                   Charms/Necromancy            3
Comestibles
 d - 3 bread rations {@e1}


   Skills:
 - Level 1.7 Fighting
 + Level 4.0 Maces & Flails
 - Level 0.7 Armour
 - Level 0.7 Dodging
 - Level 2.1 Spellcasting
 - Level 3.0 Charms
 - Level 1.0 Translocations


You had 2 spell levels left.
You knew the following spells:

 Your Spells              Type           Power        Failure   Level  Hunger
d - Song of Slaying       Chrm           #.......     14%         2    ###....
s - Infusion              Chrm           #.....       12%         1    ##.....
t - Shroud of Golubria    Chrm/Tloc      #.........   21%         2    ###....


Dungeon Overview and Level Annotations

Branches:
Dungeon (4/15)
 Temple: D:4-7

Altars:
Makhleb

Annotations:
D:3 exclusion: centaur, Sigmund
D:4 exclusion: orc warrior


Innate Abilities, Weirdness & Mutations

You have extremely sharp teeth.
Your natural rate of healing is unusually fast.
When hurt, damage is shared between your health and your magic reserves.
Your bite disrupts and absorbs the magic of your enemies.
Potions and wands cannot restore your health.
You are immune to rotting.


Message History

The orc priest hits you but does no damage.
You hit the orc priest but do no damage.
The orc priest is heavily wounded.
The orc closely misses you. The orc priest closely misses you.
Casting: Shroud of Golubria
Confirm with . or Enter, or press ? or * to list all spells.
You begin infusing your attacks with magical energy.
The orc priest barely misses you. The orc closely misses you.
You hit the orc priest.
You bite the orc priest, but do no damage.
The orc priest is severely wounded.
The orc priest mumbles some strange prayers to Beogh against you.
Something smites you!
Drink which item? (? for menu, Esc to quit)
Okay, then.
You hit the orc priest. Your bite misses the orc priest.
The orc priest is severely wounded.
Your shroud unravels.
The orc hits you from afar with a trident!
You die...

#.# #.# ...P.≈ #.. #.
#.# #.# #.♣≈≈≈ #. .#.
#.# #.# #..≈.≈
#...#.##.###.#####...≈.
.....#...##........P≈≈
#.#.#.#...<# #.#..♣
#.o#......# #.....
#.o..#...# #.####
##@#.#...# #.#
#.##.##..#####.#
#..##.###.......#
#.####.# ######### #.#
#.. ..# ### ###


You could see an orc priest and an orc.

Vanquished Creatures
  An orc wizard (D:3)
  An adder (D:2)
  A worm (D:2)
  3 orcs
  8 bats
  3 giant cockroaches
  9 goblins
  4 hobgoblins
  A jackal (D:1)
  6 kobolds
  A quokka (D:3)
  A giant gecko (D:1)
  4 giant newts
  6 rats
49 creatures vanquished.

Notes
Turn   | Place    | Note
--------------------------------------------------------------
     0 | D:1      | Medar the Vine Stalker Skald began the quest for the Orb.
     0 | D:1      | Reached XP level 1. HP: 11/11 MP: 4/4
   182 | D:1      | Reached XP level 2. HP: 15/15 MP: 3/6
   205 | D:1      | Learned a level 2 spell: Shroud of Golubria
   528 | D:1      | Reached skill level 1 in Translocations
   798 | D:2      | Reached XP level 3. HP: 14/18 MP: 3/7
   887 | D:2      | Found a burning altar of Makhleb.
   946 | D:2      | Learned a level 2 spell: Song of Slaying
  1657 | D:3      | Noticed a centaur
  1916 | D:2      | Reached XP level 4. HP: 16/23 MP: 0/8
  1997 | D:3      | Reached skill level 4 in Maces & Flails
  2168 | D:3      | Found a faded altar to an unknown god.
  2194 | D:3      | Noticed Sigmund
  2380 | D:4      | Noticed an orc warrior
  2412 | D:4      | Slain by an orc

Action                   |  1- 3 |  4- 6 || total
-------------------------+-------+-------++-------
Melee: Whip              |    97 |    27 ||   124
       Mace              |     2 |       ||     2
 Cast: Infusion          |    25 |     4 ||    29
       Shroud of Golubri |     4 |     1 ||     5
  Use: Scroll            |     6 |       ||     6
 Stab: Sleeping          |     1 |       ||     1
  Eat: Chunk             |     3 |       ||     3
       Meat ration       |       |     1 ||     1
